 Dungeon Crawl Stone Soup version 0.18.1-50-g88ac8fd (webtiles) character file.

1857 Peloso the Shield-Bearer (level 8, 0/71 HPs)
             Began as a Minotaur Fighter on Sept 17, 2016.
             Slain by a gnoll
             ... wielding a +0 halberd
              (13 damage)
             ... on level 5 of the Dungeon.
             The game lasted 00:16:16 (3750 turns).

Peloso the Shield-Bearer (Minotaur Fighter)         Turns: 3750, Time: 00:16:17

Health: 0/71       AC: 10    Str: 22    XL:     8   Next: 89%
Magic:  7/7        EV: 10    Int:  5    God:
Gold:   198        SH: 11    Dex: 11    Spells: 0 memorised, 7 levels left

rFire  . . .     SeeInvis .     a - +0 long sword
rCold  . . .     Gourm    .     b - +0 scale mail
rNeg   . . .     Faith    .     c - +0 shield
rPois  .         Spirit   .     (helmet restricted)
rElec  .         Dismiss  .     n - +0 cloak
rCorr  .         Reflect  .     (no gloves)
SustAt .         Harm     .     w - +0 pair of boots
MR     .....                    s - amulet of rage
Stlth  ..........               (no ring)
                                (no ring)

@: not resistant to hostile enchantments, extremely unstealthy
A: retaliatory headbutt, horns 2
a: Evoke Berserk Rage


You were on level 5 of the Dungeon.
You were not hungry.

You visited 1 branch of the dungeon, and saw 5 of its levels.

You collected 198 gold pieces.

Inventory:

Hand Weapons
 a - a +0 long sword (weapon)
 x - a +0 whip of flaming
 B - a +3 trident of flaming
Armour
 b - a +0 scale mail (worn)
 c - a +0 shield (worn)
 n - a +0 cloak (worn)
 w - a +0 pair of boots (worn)
Jewellery
 i - an uncursed amulet of regeneration
 s - an amulet of rage (around neck)
Scrolls
 j - 2 scrolls of recharging {unknown}
 k - 9 scrolls of remove curse {unknown}
 l - 3 scrolls of identify {unknown}
 q - a scroll of enchant weapon {unknown}
 r - 2 scrolls of random uselessness {unknown}
 t - a scroll of enchant armour {unknown}
 u - a scroll of immolation {unknown}
 y - a scroll of noise {unknown}
 z - a scroll of teleportation {unknown}
Potions
 d - a potion of might
 e - 2 potions of brilliance {unknown}
 h - 3 potions of flight {unknown}
 o - 2 potions of cancellation {unknown}
 v - 2 potions of heal wounds {unknown}
 A - a potion of cure mutation {unknown}
Books
 m - a book of Frost

   Spells                             Type                      Level
   a - Freeze                         Ice                          1
   b - Throw Frost                    Conjuration/Ice              2
   c - Ozocubu's Armour               Charms/Ice                   3
   d - Throw Icicle                   Conjuration/Ice              4
   e - Summon Ice Beast               Ice/Summoning                4
Comestibles
 f - 6 bread rations
 g - 4 meat rations
 p - a beef jerky
 C - 2 chunks of flesh


   Skills:
 + Level 6.4 Fighting
 + Level 7.1 Long Blades
 + Level 6.8 Armour
 + Level 5.3 Dodging
 + Level 1.0 Stealth
 + Level 7.4 Shields


You had 7 spell levels left.
You didn't know any spells.

Dungeon Overview and Level Annotations

Branches:
Dungeon (5/15)
 Temple: D:4-7

Altars:
Pakellas


Innate Abilities, Weirdness & Mutations

You reflexively headbutt those who attack you in melee.
You have a pair of horns on your head.


Message History

You kill the gnoll!
You block the shadow imp's attack. The gnoll hits you but does no damage.
The gnoll closely misses you.
Unknown command.
You block the shadow imp's attack. The gnoll hits you but does no damage.
The gnoll hits you from afar with a halberd.
* * * LOW HITPOINT WARNING * * *
The gnoll hits you with a spear.
* * * LOW HITPOINT WARNING * * *
There is a large open door here.
You see here a whip.
You hit the gnoll. You headbutt the gnoll.
You kill the gnoll!
You block the shadow imp's attack.
The gnoll hits you from afar with a spear of freezing.
* * * LOW HITPOINT WARNING * * *
The gnoll freezes you.
* * * LOW HITPOINT WARNING * * *
The gnoll hits you from afar with a halberd!
You die...

.............. ##
######''''### #..
#....#.. # #?.
#....#.. #. #..
+....)[.
#.#####'##############
#..g..#.......#....#..
#..g).#..)...)).≈≈....
##)@#.)%......≈≈....
#...5(......#....#..
#....########....###
#....'. #...##...#
######## ##########


You could see 2 gnolls and a shadow imp.

Vanquished Creatures
  Pikel (D:4)
  Sigmund (D:3)
  Menkaure (D:4)
  Duvessa (D:4)
  A phantom (D:4)
  A gnoll sergeant (D:5)
  Dowan (D:4)
  A scorpion (D:4)
  A crimson imp (D:5)
  2 gnoll shamans (D:5)
  Crazy Yiuf (D:3)
  An iguana (D:5)
  Ijyb (D:2)
  An orc wizard (D:3)
  3 worker ants
  Terence (D:3)
  A hound skeleton (D:4)
  31 gnolls (D:5)
  7 adders
  An ooze (D:1)
  4 worms
  A dart slug (D:3)
  2 giant geckos
  4 orcs
  4 giant cockroaches
  9 goblins
  5 hobgoblins
  13 jackals
  9 kobolds
  A quokka (D:4)
  2 ball pythons
  9 bats
  A giant newt (D:4)
  A quokka zombie (D:5)
  5 rats
129 creatures vanquished.

Vanquished Creatures (others)
  2 adders (D:4)
  3 orcs (D:4)
5 creatures vanquished.

Grand Total: 134 creatures vanquished

Notes
Turn   | Place    | Note
--------------------------------------------------------------
     0 | D:1      | Peloso the Minotaur Fighter began the quest for the Orb.
     0 | D:1      | Reached XP level 1. HP: 19/19 MP: 0/0
   117 | D:1      | Reached XP level 2. HP: 27/27 MP: 1/1
   303 | D:1      | Reached XP level 3. HP: 28/33 MP: 2/2
   523 | D:2      | Found a faded altar to an unknown god.
   588 | D:2      | Noticed Ijyb
   595 | D:2      | Killed Ijyb
   595 | D:2      | Reached skill level 1 in Dodging
   603 | D:2      | Reached XP level 4. HP: 38/40 MP: 3/3
   989 | D:2      | Found an oddly glowing altar of Pakellas.
  1304 | D:3      | Reached XP level 5. HP: 46/46 MP: 4/4
  1558 | D:3      | Noticed Crazy Yiuf
  1570 | D:3      | Killed Crazy Yiuf
  1570 | D:3      | Reached skill level 5 in Shields
  1729 | D:3      | Reached skill level 5 in Armour
  1761 | D:3      | Noticed Sigmund
  1770 | D:3      | Killed Sigmund
  1770 | D:3      | Reached XP level 6. HP: 51/53 MP: 5/5
  1842 | D:3      | Noticed Terence
  1848 | D:3      | Killed Terence
  1955 | D:4      | Noticed a slave
  1956 | D:4      | Noticed Pikel
  1956 | D:4      | Noticed a slave
  1956 | D:4      | Noticed a slave
  1956 | D:4      | Noticed a slave
  1975 | D:4      | Killed Pikel
  1975 | D:4      | Reached skill level 5 in Fighting
  1975 | D:4      | Reached skill level 5 in Long Blades
  1975 | D:4      | Reached XP level 7. HP: 30/61 MP: 6/6
  2119 | D:4      | Noticed Duvessa
  2122 | D:4      | Noticed Dowan
  2142 | D:4      | Killed Duvessa
  2142 | D:4      | Reached XP level 8. HP: 19/69 MP: 7/7
  2152 | D:4      | Killed Dowan
  2657 | D:4      | Noticed Menkaure
  2666 | D:4      | Killed Menkaure
  2903 | D:5      | Entered Level 5 of the Dungeon
  3223 | D:5      | Reached skill level 5 in Dodging
  3223 | D:5      | Reached skill level 1 in Stealth
  3750 | D:5      | Slain by a gnoll

Skill      XL: |  1  2  3  4  5  6  7  8 |
---------------+-------------------------+-----
Fighting       | 4 5 6 |  6.4
Armour         | 4 5 6 |  6.8
Shields        | 4 5 6 7 |  7.4
Dodging        | 1 2 4 5 |  5.3
Long Blades    | 3 4 5 7 |  7.1
Stealth        | 1 |  1.0

Action                   |  1- 3 |  4- 6 |  7- 9 || total
-------------------------+-------+-------+-------++-------
Melee: Long sword        |    73 |   108 |   202 ||   383
       Headbutt          |    14 |    22 |    49 ||    85
  Use: Potion            |       |       |     1 ||     1
  Eat: Chunk             |       |     4 |     6 ||    10
Armor: Scale mail        |    42 |    28 |    49 ||   119
Dodge: Dodged            |    25 |    39 |    92 ||   156
Block: Shield            |    49 |    44 |   151 ||   244
